 Dungeon Crawl Stone Soup version 0.30.0-13-g156ef70053 (webtiles) character file.

Game seed: 12842804631048385241

382 SnakkuSnakku7 the Twirler (level 6, -4/37 HPs)
             Began as a Tengu Hexslinger on May 17, 2023.
             Slain by an orc warrior
             ... wielding a +0 scimitar
              (9 damage)
             ... on level 4 of the Dungeon.
             The game lasted 00:04:52 (3544 turns).

SnakkuSnakku7 the Twirler (Tengu Hexslinger)        Turns: 3544, Time: 00:04:53

Health: -4/37      AC: 10    Str: 12    XL:     6   Next: 76%
Magic:  8/8        EV:  1    Int: 13    God:
Gold:   291        SH:  0    Dex: 15    Spells: 6/7 levels left

rFire   . . .        a - +0 quarterstaff
rCold   . . .        (shield currently unavailable)
rNeg    . . .        g - +0 plate armour
rPois   .            (helmet restricted)
rElec   .            (no cloak)
rCorr   .            (no gloves)
SInv    .            (boots unavailable)
Will    .....        (no amulet) Stlth
                     (no ring)
HPRegen 0.26/turn    (no ring)
MPRegen 0.11/turn

%: no passive effects
@: grasped by roots, flying quickly and evasively, constricted, quick
A: beak, talons 3, nimble flight
a: no special abilities


You were on level 4 of the Dungeon.
You visited 1 branch of the dungeon, and saw 4 of its levels.
You also visited: Sewer.

You collected 291 gold pieces.

Inventory:

Hand Weapons
 a - a +0 quarterstaff (weapon)
 o - a +1 sling
Missiles
 t - 2 poisoned darts (quivered)
Armour
 c - a +0 robe
 d - a +0 leather armour
 g - a +0 plate armour (worn)
 q - a scarf of harm
Jewellery
 k - an amulet of guardian spirit
Scrolls
 b - a scroll of poison
 f - 3 scrolls of blinking
 h - 10 scrolls of identify {unknown}
 i - a scroll of enchant armour {unknown}
 l - a scroll of noise {unknown}
 m - 2 scrolls of teleportation
 n - a scroll of immolation
 v - a scroll of butterflies {unknown}
 w - a scroll of fear {unknown}
 x - a scroll of fog {unknown}
Potions
 e - a potion of curing {unknown}
 j - a potion of haste {unknown}
 p - a potion of ambrosia {unknown}
 r - 3 potions of heal wounds {unknown}
 s - a potion of resistance {unknown}
 u - 2 potions of lignification {unknown}
 z - a potion of magic {unknown}
 A - a potion of attraction {unknown}


   Skills:
 - Level 3.1 Fighting
 + Level 6.3 Staves
 - Level 2.1 Ranged Weapons
 - Level 2.1 Dodging
 - Level 1.0 Spellcasting
 - Level 2.1 Hexes


You had 6 spell levels left.
You knew the following spells:

 Your Spells              Type           Power      Damage    Failure   Level
a - Slow                  Hex            24%        N/A       100%        1

Your spell library contained the following spells:

 Spells                   Type           Power      Damage    Failure   Level
 Inner Flame              Hex/Fire       3%         N/A       100%        3
 Portal Projectile        Hex/Tloc       6%         N/A       100%        3
 Cause Fear               Hex            3%         N/A       100%        4


Dungeon Overview and Level Annotations

Branches:
Dungeon (4/15)              Sewer (visited)
 Temple: D:4-7

Altars:
Gozag
The Shining One

Shops:
D:4 :

Annotations:
D:4 Ijyb


Innate Abilities, Weirdness & Mutations

You have a beak for a mouth.
You have claws for feet.
Your magical nature lets you fly swiftly and evasively.


Message History

Unknown command.
Ijyb screams, "Me stronger than you!"
Press: ? - help, v - describe, . - travel
Here: Ijyb, wielding a +0 club, wearing a +0 leather armour and carrying a wand of roots (12) (severely wounded)
The floor.
Throw: 5 darts (poison)
Press: ? - help, Q - select action, (/) - cycle Shift-Dir - straight line, f - orc warrior
Aim: an orc warrior, wielding a +0 scimitar and wearing a +0 plate armour (59% to hit)
You throw a poisoned dart.
The poisoned dart barely misses the orc warrior.
The poisoned dart hits Ijyb.
Ijyb is poisoned.
Ijyb is severely wounded.
There is an open door here.
You see here a hobgoblin corpse.
Throw: 4 darts (poison)
Press: ? - help, Q - select action, (/) - cycle Shift-Dir - straight line, f/p - orc warrior
Aim: an orc warrior, wielding a +0 scimitar and wearing a +0 plate armour (59% to hit)
You throw a poisoned dart. The poisoned dart hits the orc warrior.
Unknown command.
Throw: 3 darts (poison)
Press: ? - help, Q - select action, (/) - cycle Shift-Dir - straight line, f/p - orc warrior
Aim: an orc warrior, wielding a +0 scimitar and wearing a +0 plate armour (59% to hit)
You throw a poisoned dart. The poisoned dart hits the orc warrior.
Unknown command.
Ijyb zaps a wand.
The roots erupt in riotous growth!
The grasping roots grab you! The grasping roots constrict you.
* * * LOW HITPOINT WARNING * * *
There is a stone staircase leading up here.
The roots grasp on you weakens, but your attempt to escape fails.
The grasping roots constrict you.
* * * LOW HITPOINT WARNING * * *
Unknown command.
You escape the roots grasp.
Ijyb zaps a wand.
The roots erupt in riotous growth!
The grasping roots grab you!
The orc warrior is unaffected.
The grasping roots constrict you.
* * * LOW HITPOINT WARNING * * *
The orc warrior hits you with a +0 scimitar!
You die...

.#..#......# ###########.#
# '#.##...#### #...###
...##...# #.###..
#####...########## #...o..
# #............# #####<# #
#............# ###.. #
###..........# #...o #
#..........# #.##. #
#.<.......@############.##.
#
#.>....g.o.##.[......##.##.
#
#..........##........##.#..
#
#..........##...>....'..###
#
#############........##....
# ##############. # ## #


You could see an orc warrior and Ijyb.

Vanquished Creatures
  An ogre (D:4)
  A bullfrog (Sewer)
  Natasha (D:2)
  6 adders
  2 river rats (D:3)
  2 worms (D:2)
  4 dart slugs
  4 orcs
  17 endoplasms
  11 giant cockroaches
  7 hobgoblins
  2 jackals (D:2)
  10 quokkas
  15 ball pythons
  3 bats
  8 frilled lizards
  4 goblins
  8 kobolds
  7 rats
113 creatures vanquished.

Notes
Turn   | Place    | Note
-------+----------+-------------------------------------------
     0 | D:1      | SnakkuSnakku7 the Tengu Hexslinger began the quest for the
                  | Orb.
     0 | D:1      | Reached XP level 1. HP: 12/12 MP: 3/3
   170 | D:1      | Reached XP level 2. HP: 17/17 MP: 4/4
   978 | D:2      | Reached XP level 3. HP: 11/22 MP: 5/5
  1248 | D:2      | Noticed Natasha
  1255 | D:2      | Killed Natasha
  1256 | D:2      | Reached skill level 1 in Staves
  1256 | D:2      | Reached XP level 4. HP: 19/28 MP: 6/6
  1269 | D:2      | Reached skill level 2 in Staves
  1892 | D:3      | Reached skill level 3 in Staves
  1990 | D:3      | Gained mutation: Your magical nature lets you fly swiftly
                  | and evasively. [Tengu growth]
  1990 | D:3      | Reached XP level 5. HP: 11/32 MP: 7/7
  1996 | D:3      | Found a glowing drain.
  2011 | Sewer    | Entered a sewer
  2117 | Sewer    | Reached skill level 4 in Staves
  2203 | Sewer    | Reached skill level 5 in Staves
  2203 | Sewer    | Reached XP level 6. HP: 22/37 MP: 8/8
  2947 | D:4      | Found Pyuzo's Book Emporium.
  3076 | D:4      | Reached skill level 6 in Staves
  3156 | D:4      | Noticed Ijyb
  3156 | D:4      | Noticed an orc warrior
  3263 | D:4      | Found an opulent altar of Gozag.
  3303 | D:4      | Found a glowing golden altar of the Shining One.
  3544 | D:4      | Slain by an orc warrior

Illustrated notes

Levels and vault maps discovered:
D:1:      arrival_zaba_pyramid, layout_basic, hangedman_decor_points
D:2:      layout_loops_corners, minmay_bisected, uniq_natasha
D:3:      layout_loops_corners, portal_sewer_entry_b, item_on_display_a
D:4:      layout_basic, mainiacjoe_overflow_surrounded_room,
          nicolae_gozag_seed_capital, serial_shops, nicolae_book_shop_shelving,
          uniq_ijyb

Skill      XL: |  1  2  3  4  5  6 |
---------------+-------------------+-----
Fighting       | 2 3 |  3.1
Staves         | 1 3 5 6 |  6.3
Ranged Weapons | |  2.1
Dodging        | |  2.1
Spellcasting   | |  1.0
Hexes          | |  2.1

Action                     |  1- 3 |  4- 6 || total
---------------------------+-------+-------++-------
  Melee: Quarterstaff      |     5 |   208 ||   213
         Kick              |     2 |    45 ||    47
         Peck              |     1 |    26 ||    27
   Fire: Sling             |    58 |       ||    58
  Throw: Dart              |       |     7 ||     7
    Use: Scroll            |       |     2 ||     2
 Armour: Leather armour    |     4 |       ||     4
         Plate armour      |     3 |   155 ||   158
  Dodge: Dodged            |    12 |    43 ||    55
